 Dungeon Crawl Stone Soup version 0.29.0-7-g18a832c13a (webtiles) character file.

Game seed: 12097435632916452416

29 Querens the Covered (level 3, 0/23 (33) HPs)
             Began as a Meteoran Fighter on Aug 31, 2022.
             Slain by a goblin
             ... wielding a +0 club
              (2 damage)
             ... on level 2 of the Dungeon.
             The game lasted 00:03:19 (756 turns).

Querens the Covered (Meteoran Fighter)               Turns: 756, Time: 00:03:20

HP:   0/23 (33)     AC:  9    Str: 19    XL:     3   Next: 52%
MP:   4/4           EV:  5    Int: 10    God:
Gold: 50            SH:  9    Dex: 13    Spells: 2/2 levels left

rFire   . . .      SeeInvis .   a - +0 war axe
rCold   . . .      Faith    .   e - +0 kite shield
rNeg    . . .      Spirit   .   i - +0 chain mail
rPois   .          Reflect  .   (no helmet)
rElec   .          Harm     .   (no cloak)
rCorr   .          Rampage  .   (no gloves)
Will    .....                   (no boots)
Stlth   ..........              (no amulet)
HPRegen 0.07/turn               (no ring)
MPRegen 0.09/turn               (no ring)

@: mighty, brilliant, glowing, very heavily drained
A: sense surroundings 1, otherworldly, glowing, explore regen
a: no special abilities


You were on level 2 of the Dungeon.
You visited 1 branch of the dungeon, and saw 2 of its levels.

You collected 50 gold pieces.

Inventory:

Hand Weapons
 a - a +0 war axe (weapon)
Armour
 e - a +0 kite shield (worn)
 i - a +0 chain mail (worn)
Wands
 m - a wand of flame (25)
Scrolls
 b - a scroll of magic mapping {unknown}
 c - 2 scrolls of identify {unknown}
 g - a scroll of vulnerability {unknown}
 h - a scroll of amnesia {unknown}
 j - a scroll of silence {unknown}
 k - a scroll of brand weapon {unknown}
 l - 2 scrolls of teleportation {unknown}


   Skills:
 + Level 3.6 Fighting
 + Level 3.0 Axes
 + Level 4.1 Armour
 + Level 4.0 Shields


You had 2 spell levels left.
You didn't know any spells.
Your spell library contained the following spells:

 Spells                   Type           Power      Damage    Failure   Level
 Sandblast                Erth           0%         2d4       100%        1
 Passwall                 Tmut/Erth      0%         N/A       100%        2
 Static Discharge         Conj/Air       0%         3-3/arc   100%        2
 Stone Arrow              Conj/Erth      0%         3d7       100%        3
 Lightning Bolt           Conj/Air       0%         1d11      100%        5
 Maxwell's Capacitive Co  Air            0%         ∞         100%        8


Dungeon Overview and Level Annotations

Branches:
Dungeon (2/15) Zot: 614

Altars:


Innate Abilities, Weirdness & Mutations

You passively map a small area around you.
You are easily found by Zot.
You glow in the dark.
You regain HP and MP as you explore.


Message History

The ball python constricts you.
The ball python's grasp on you weakens, but your attempt to escape fails.
You block the ball python's attack. The ball python constricts you.
The frilled lizard bites you.
* * * LOW HITPOINT WARNING * * *
You escape the ball python's grasp.
The orc attacks as you move away! The orc hits you but does no damage.
The ball python attacks as you move away!
You block the ball python's attack.
There is an open door here.
The orc attacks as you move away! The orc barely misses you.
It was a potion of brilliance.
You feel clever all of a sudden. You block the ball python's attack.
The ball python barely misses you.
The frilled lizard unfolds its giant frill.
Okay, then.
Unknown command.
You feel very mighty all of a sudden.
The ball python bites you but does no damage.
You block the ball python's attack.
You hit the ball python.
The ball python is heavily wounded.
The ball python bites you but does no damage.
The ball python grabs you. The ball python constricts you.
The ball python bites you but does no damage.
The ball python constricts you.
You slice the ball python!!
You kill the ball python!
The orc hits you but does no damage.
You slash the orc!
You kill the orc!
Your Axes skill increases to level 3!
You slice the orc!!
You kill the orc!
A worm comes into view.
The goblin hits you but does no damage. The goblin attacks as you move away!
The goblin hits you but does no damage. The goblin attacks as you move away!
The goblin barely misses you. The goblin attacks as you move away!
The goblin hits you with a +0 club.
You die...

##.###'####.., ,....w#####
#............####.#.......
#........######...........
#........# #...........
#........# #...........
#........######....)......
#....(...#.l..o....)...###
#........#g####........#
#........#@# #........# *
##.#######.# ##########
#.# #.# #.# #.# #.# #.#
#.# #.# #.# #.# #.# #.#
#.# #.#


You could see a goblin and a frilled lizard.

Vanquished Creatures
  4 orcs (D:2)
  A ball python (D:2)
  2 bats (D:1)
  2 endoplasms (D:1)
  2 giant cockroaches (D:1)
  A goblin (D:1)
  A hobgoblin (D:1)
  2 quokkas (D:1)
  3 frilled lizards (D:1)
  A kobold (D:1)
  4 rats (D:1)
23 creatures vanquished.

Notes
Turn   | Place    | Note
-------+----------+-------------------------------------------
     0 | D:1      | Querens the Meteoran Fighter began the quest for the Orb.
     0 | D:1      | Reached XP level 1. HP: 19/19 MP: 2/2
   173 | D:1      | Reached XP level 2. HP: 25/26 MP: 3/3
   457 | D:1      | Reached XP level 3. HP: 28/31 MP: 4/4
   473 | D:1      | Glimpsed the power of Zot.
   523 | D:1      | Glimpsed the power of Zot.
   563 | D:1      | Glimpsed the power of Zot.
   573 | D:1      | Touched by the power of Zot.
   673 | D:1      | Glimpsed the power of Zot.
   743 | D:2      | HP: 1/20 [frilled lizard (2)]
   756 | D:2      | Slain by a goblin

Illustrated notes

Levels and vault maps discovered:
D:1:      minmay_arrival_radiant_lines, layout_basic, serial_glass,
          glass_columns_b, glass_columns_b
D:2:      layout_basic, basic_altar

Skill      XL: |  1  2  3 |
---------------+----------+-----
Armour         | 4 |  4.1
Shields        | 4 |  4.0
Axes           | 3 |  3.0
Fighting       | |  3.6

Action                   || total
-------------------------++-------
Melee: War axe           ||    58
  Use: Potion            ||     2
Armor: Scale mail        ||    15
       Chain mail        ||    28
Dodge: Dodged            ||    10
Block: Kite shield       ||    35
       Buckler           ||     4
